 Dungeon Crawl Stone Soup version 0.30-a0-802-gb92711bcdf (webtiles) character file.

Game seed: 11882192101769481132

1780 retardedninja the Trooper (level 8, -6/74 HPs)
             Began as a Minotaur Fighter on Feb 23, 2023.
             Was an Initiate of Gozag.
             Mangled by an ogre
             ... wielding a +0 giant spiked club
              (15 damage)
             ... on level 7 of the Dungeon.
             The game lasted 00:06:17 (5168 turns).

retardedninja the Trooper (Minotaur Fighter)        Turns: 5168, Time: 00:06:18

Health: -6/74      AC: 17    Str: 29    XL:     8   Next: 81%
Magic:  7/7        EV:  7    Int:  8    God:    Gozag
Gold:   332        SH: 10    Dex: 10    Spells: 7/7 levels left

rFire   . . .      SeeInvis .    a - +0 war axe
rCold   . . .      Faith    .    c - +0 buckler
rNeg    . . .      Spirit   .    C - +0 plate armour
rPois   +          Reflect  +    f - +2 hat
rElec   .          Harm     .    w - +1 cloak "Luragopp" {Int+3}
rCorr   .          Rampage  .    (no gloves)
Will    .....                    (no boots) Stlth
                                 u - amulet of reflection
HPRegen 0.32/turn                z - +6 ring of strength
MPRegen 0.10/turn                b - ring of poison resistance

@: slowed, very slow
A: horns 2, retaliatory headbutt
a: Renounce Religion, Potion Petition, Call Merchant, Bribe Branch


You were on level 7 of the Dungeon.
You worshipped Gozag.
Gozag was aware of your devotion.
You visited 2 branches of the dungeon, and saw 8 of its levels.

You collected 421 gold pieces.
You paid 89 gold pieces to Gozag.

Inventory:

Hand Weapons
 a - a +0 war axe (weapon)
Armour
 c - a +0 buckler (worn)
 f - a +2 hat (worn)
 w - the +1 cloak "Luragopp" (worn) {Int+3}
   (You found it on level 3 of the Dungeon)

   Int:       It affects your intelligence (+3).
 C - a +0 plate armour (worn)
Jewellery
 b - a ring of poison resistance (right hand)
 u - an amulet of reflection (around neck)
 z - a +6 ring of strength (left hand)
Wands
 y - a wand of flame (17)
 B - a wand of digging (8)
Scrolls
 g - 2 scrolls of teleportation {unknown}
 h - a scroll of immolation {unknown}
 i - a scroll of enchant armour {unknown}
 j - a scroll of blinking {unknown}
 k - 2 scrolls of poison {unknown}
 l - 2 scrolls of magic mapping {unknown}
 m - 3 scrolls of enchant weapon {unknown}
 p - 4 scrolls of identify {unknown}
 q - 3 scrolls of amnesia {unknown}
 r - a scroll of acquirement {unknown}
 t - 3 scrolls of vulnerability {unknown}
 x - 3 scrolls of fear {unknown}
Potions
 d - a potion of mutation {unknown}
 e - 4 potions of curing
 n - a potion of flight {unknown}
 o - a potion of cancellation
 s - 2 potions of lignification
 v - a potion of degeneration {unknown}
 D - a potion of haste {unknown}


   Skills:
 + Level 7.7 Fighting
 + Level 7.2 Axes
 + Level 7.6 Armour
 + Level 7.7 Shields


You had 7 spell levels left.
You didn't know any spells.
Your spell library contained the following spells:

 Spells                   Type           Power      Damage    Failure   Level
 Kiss of Death            Conj/Necr      0%         2d5       99%         1
 Confusing Touch          Hex            0%         N/A       100%        3
 Dispel Undead            Necr           0%         3d6       100%        4
 Summon Ice Beast         Ice/Summ       0%         N/A       100%        4
 Summon Mana Viper        Hex/Summ       0%         N/A       100%        5
 Monstrous Menagerie      Summ           0%         N/A       100%        7


Dungeon Overview and Level Annotations

Branches:
Dungeon (7/15)             Temple (1/1) D:7

Altars:
Ashenzari
Cheibriados
Elyvilon
Fedhas
Gozag
Kikubaaqudgha
Makhleb
Nemelex Xobeh
Okawaru
Ru
Trog
Uskayaw
Yredelemnul
Zin
The Shining One

Shops:
D:3 ?

Portals:
Bailey: D:7

Annotations:
D:3 1 runed translucent door, Crazy Yiuf


Innate Abilities, Weirdness & Mutations

You have a pair of horns on your head.
You reflexively headbutt those who attack you in melee.


Message History

You headbutt the killer bee.
You kill the killer bee!
Found a scroll labelled GALOLE OFUIXUJ.
The killer bee closely misses you. You block the killer bee's attack.
You see here 5 gold pieces.
The killer bee stings you but does no damage.
The killer bee stings you.
You slash the killer bee!
You kill the killer bee!
The ogre is no longer distracted by gold.
The ogre is distracted by your dazzling golden aura.
You see here 5 gold pieces.
You block the wraith's attack. The wraith hits you but does no damage.
The ogre shouts!
You see here 5 gold pieces.
The ogre is no longer distracted by gold.
The ogre is distracted by your dazzling golden aura.
The wraith hits you. The wraith drains your vigour!
You feel yourself slow down.
The ogre shouts!
You see here 6 gold pieces.
You barely miss the ogre.
The ogre is no longer distracted by gold.
You hit the wraith.
The ogre hits you with a +0 giant spiked club!
The wraith hits you. x2
You slash the ogre! You headbutt the ogre.
The ogre is moderately wounded.
You slash the wraith!
The ogre hits you with a +0 giant spiked club!!
* * * LOW HITPOINT WARNING * * *
The wraith hits you but does no damage.
The ogre hits you with a +0 giant spiked club!
* * * LOW HITPOINT WARNING * * *
You block the wraith's attack.
You feel better. The wraith hits you but does no damage.
The ogre hits you with a +0 giant spiked club!
You die...
Your body crumbles into a pile of gold.

8.....8..#####.
.................
................?
#8...∩...8.......
#...............♣
...............#♣
#.8.....8........
#......OW$+#####♣
#....8.@$.......♣♣♣
#########..........
#######.........
(...............
........#####...
........#####.##
................
.......)#####.##
........#


You could see a wraith and an ogre.

Vanquished Creatures
  A hornet (D:6)
  A troll (D:6)
  Menkaure (D:5)
  Edmund (D:5)
  A sky beast (D:7)
  2 ogres
  A necrophage (D:5)
  4 killer bees (D:7)
  A howler monkey (D:6)
  5 hounds
  5 orc priests
  5 iguanas
  3 gnolls (D:5)
  4 adders
  An ufetubus (D:6)
  A dart slug (D:1)
  20 orcs
  8 ball pythons
  7 endoplasms
  5 giant cockroaches
  9 goblins
  7 hobgoblins
  4 jackals (D:2)
  4 kobolds
  5 quokkas
  5 bats
  2 frilled lizards (D:1)
  8 rats
121 creatures vanquished.

Vanquished Creatures (others)
  21 plants
21 creatures vanquished.

Grand Total: 142 creatures vanquished

Notes
Turn   | Place    | Note
-------+----------+-------------------------------------------
     0 | D:1      | retardedninja the Minotaur Fighter began the quest for the
                  | Orb.
     0 | D:1      | Reached XP level 1. HP: 19/19 MP: 0/0
   127 | D:1      | Reached XP level 2. HP: 20/27 MP: 1/1
   446 | D:1      | Reached XP level 3. HP: 22/33 MP: 2/2
  1824 | D:3      | Noticed an ogre
  1827 | D:3      | Killed an ogre
  1828 | D:3      | Reached XP level 4. HP: 41/41 MP: 3/3
  1828 | D:3      | Reached XP level 5. HP: 47/47 MP: 4/4
  1831 | D:3      | Found a faded altar of an unknown god.
  1848 | D:3      | Identified the +1 cloak "Luragopp" {Int+3}
  2204 | D:3      | Found Cegiq's Magic Scroll Shoppe.
  2285 | D:3      | Found a runed translucent door.
  2286 | D:3      | Noticed Crazy Yiuf
  2530 | D:4      | Found a basalt altar of Yredelemnul.
  2558 | D:4      | Reached skill level 5 in Shields
  2594 | D:4      | Reached skill level 5 in Fighting
  2679 | D:4      | Found a burning altar of Makhleb.
  2685 | D:4      | Reached skill level 5 in Armour
  2752 | D:4      | Found a sacrificial altar of Ru.
  2780 | D:4      | Reached XP level 6. HP: 56/56 MP: 5/5
  2943 | D:5      | Entered Level 5 of the Dungeon
  3110 | D:5      | Reached skill level 5 in Axes
  3110 | D:5      | Reached XP level 7. HP: 31/62 MP: 6/6
  3231 | D:5      | Found a snail-covered altar of Cheibriados.
  3300 | D:5      | Noticed Edmund
  3311 | D:5      | Killed Edmund
  3457 | D:5      | Noticed Menkaure
  3469 | D:5      | Killed Menkaure
  3820 | D:6      | Found an opulent altar of Gozag.
  3840 | D:6      | Became a worshipper of Gozag Ym Sagoz the Greedy
  3929 | D:6      | Reached XP level 8. HP: 43/71 MP: 7/7
  4053 | D:6      | Noticed a troll
  4061 | D:6      | Killed a troll
  4365 | D:6      | Noticed a hornet
  4379 | D:6      | Killed a hornet
  4483 | D:6      | Found a glowing golden altar of the Shining One.
  4858 | D:7      | Found a staircase to the Ecumenical Temple.
  4930 | Temple   | Entered the Ecumenical Temple
  5149 | D:7      | Found a flagged portal.
  5167 | D:7      | HP: 1/74 [ogre/+0 giant spiked club (15)]
  5168 | D:7      | Mangled by an ogre

Illustrated notes

Levels and vault maps discovered:
D:1:      dpeg_arrival_rhombus, layout_loops_ring, serial_bayou,
          serial_bayou_pond_c, serial_bayou_lagoon_a, serial_bayou_ford_a,
          serial_bayou_lagoon_b
D:2:      layout_loops_ring
D:3:      layout_basic, ebering_ecumenical_altar_sacrificial, serial_shops,
          shop_statue, chequers_serial_rivers_micro_c, uniq_crazy_yiuf_cottage
D:4:      layout_cave_pools, nicolae_ru_great_annihilating_truth,
          lemuel_coloured_pillars_altar, yredelemnul_altar_generic,
          minmay_misc_feat_plants
D:5:      layout_cave_pools, mainiacjoe_overflow_cross_hatched, uniq_edmund,
          uniq_menkaure
D:6:      layout_loops_cross, mainiacjoe_overflow_concentric_impassable,
          grunt_gozag_statues
D:7:      layout_basic, kennysheep_mini_moat, nicolae_qazlal_eye_of_the_storm,
          temple_pool_b, enter_bailey_6, uniq_joseph
Temple:   kb_temple_of_zot

Skill      XL: |  1  2  3  4  5  6  7  8 |
---------------+-------------------------+-----
Fighting       | 4 5 6 7 |  7.7
Shields        | 4 5 6 7 |  7.7
Armour         | 4 5 6 7 |  7.6
Axes           | 3 4 5 6 7 |  7.2

Action                     |  1- 3 |  4- 6 |  7- 9 || total
---------------------------+-------+-------+-------++-------
  Melee: War axe           |    96 |   113 |   112 ||   321
         Headbutt          |    11 |    17 |    17 ||    45
    Use: Potion            |     1 |       |     4 ||     5
   Stab: Paralysed         |       |     2 |       ||     2
         Invisible         |       |     1 |       ||     1
 Armour: Scale mail        |    51 |       |       ||    51
         Chain mail        |       |    52 |       ||    52
         Fire dragon scale |       |       |    33 ||    33
         Skin              |       |       |     5 ||     5
         Plate armour      |       |       |    13 ||    13
  Dodge: Dodged            |    45 |    30 |    42 ||   117
  Block: Buckler           |    19 |    61 |    74 ||   154

Table legend: (Time is in decaauts)
 A = Elapsed time spent in this place.
 B = Non-inter-level travel time spent in this place.
 C = Inter-level travel time spent in this place.
 D = Time resting spent in this place.
 E = Time spent auto-exploring this place.
 F = Levels seen in this place.
 G = Mean time per level.
                   A        B        C        D        E       F      G
               +--------+--------+--------+--------+--------+-----+--------+
         Total |   5333 |   5177 |    156 |    815 |   3302 |   8 |  666.6 |
       Dungeon |   5225 |   5084 |    141 |    815 |   3216 |   7 |  746.4 |
        Temple |    107 |     92 |     15 |      0 |     86 |   1 |  107.0 |
               +--------+--------+--------+--------+--------+-----+--------+

Top non-repeatable levels by time:
     D:1: 1246 daAuts
     D:6: 1053 daAuts
     D:5: 876 daAuts
     D:2: 657 daAuts
     D:3: 605 daAuts
     D:4: 561 daAuts
     D:7: 223 daAuts
  Temple: 107 daAuts
